Map: Plaza violeta iluminada EJ

Players

Kammer - Winner!

  • Race: Terran Terran
  • Spawn Location: 11:00

VOD

Have the link to the VOD?

Description

Time

  • Played on: Feb. 9, 2025, 7:27 p.m.
  • Length: 13:18
Show
View Real Time Build Order
Export as new Build Order

Kammer Terran - Winner!

Build Orders:  

Get SALT Encoding   

  12  0:03  SCV  
  13  0:20  SCV  
  14  0:33  Supply Depot  
  14  0:41  SCV  
  15  1:03  SCV  
  15  1:06  Refinery  
  16  1:20  SCV  
  17  1:38  SCV  
  18  1:40  Barracks  
  18  1:54  SCV  
  19  2:11  SCV  
  20  2:28  SCV  
  21  2:37  Command Center  
  21  2:45  SCV  
  21  2:49  Supply Depot  
  22  2:59  Engineering Bay  
  22  3:02  SCV  
  23  3:19  SCV  
  24  3:22  Supply Depot  
  24  3:31  Marine  
  25  3:55  Supply Depot  
  25  3:56  Marine  
  26  4:18  SCV  
  27  4:21  Marine  
  28  4:35  SCV  
  29  4:46  Marine  
  30  4:50  Factory  
  30  4:52  SCV  
  31  5:02  Terran Infantry Weapons Level 1  
  31  5:09  SCV  
  32  5:10  Marine  
  33  5:26  SCV  
  34  5:35  Marine  
  35  5:43  SCV  
  36  5:53  Hellion  
  38  6:00  SCV, Marine  
  38  6:08  Refinery  
  40  6:17  SCV  
  41  6:23  Hellion  
  41  6:25  Marine  
  44  6:34  SCV  
  45  6:50  Marine  
  45  6:51  SCV  
  45  6:53  Hellion  
  49  7:08  SCV  
  50  7:15  Marine  
  50  7:16  SCV  
  52  7:23  Hellion  
  52  7:25  SCV  
  52  7:26  Barracks  
  55  7:32  SCV  
  56  7:40  Marine  
  56  7:41  Terran Infantry Armor Level 1  
  56  7:42  SCV  
  56  7:44  Supply Depot  
  58  7:53  Hellion  
  58  7:59  SCV  
  61  8:05  Marine  
  62  8:15  SCV  
  62  8:17  Supply Depot  
  63  8:32  SCV  
  63  8:35  Barracks, Reaper  
  65  8:44  Marine  
  65  8:47  Hellion  
  65  8:49  SCV  
  60  9:08  Barracks  
  60  9:09  Marine  
  61  9:15  Marine  
  61  9:17  Hellion  
  64  9:34  Marine  
  65  9:40  Marine  
  65  9:42  Supply Depot  
  65  9:47  Hellion  
  68  9:57  Marine  
  68  9:59  Marine  
  71  10:10  Reaper  
  71  10:13  Supply Depot  
  71  10:16  Barracks  
  71  10:17  Hellion  
  73  10:22  Marine  
  73  10:29  Reaper  
  73  10:46  Supply Depot  
  73  10:47  Marine, Hellion  
  74  10:55  Reaper  
  72  11:09  Marine  
  73  11:12  Marine  
  74  11:20  Marine  
  75  11:34  Marine  
  75  11:35  Marine  
  75  11:36  Marine  
  78  11:41  Hellion  
  78  11:45  Marine  
  81  11:59  Marine  
  82  12:00  Marine  
  82  12:01  Marine  
  84  12:10  Marine  
  84  12:11  Hellion  
  87  12:24  Marine  
  87  12:25  Marine  
  87  12:26  Marine  
  88  12:35  Marine  
  87  12:41  Hellion  
  87  12:48  Marine  
  87  12:49  Marine  
  90  12:51  Marine  
Tags
 
Add a new tag
Caveats
  • Supply blocks, unpowered buildings, or Contaminate may cause inaccurate times.
  • Supply counts are checked every 10 seconds.